 Dungeon Crawl Stone Soup version 0.29.0-4-gdea44cf6ec (webtiles) character file.

Game seed: 13418923384461755401

261 qw the Chopper (level 6, -2/35 HPs)
             Began as a Tengu Warper on Aug 28, 2022.
             Slain by Sigmund
             ... wielding a +0 scythe
              (5 damage)
             ... on level 4 of the Dungeon.
             The game lasted 00:00:21 (3629 turns).

qw the Chopper (Tengu Warper)                       Turns: 3629, Time: 00:00:21

Health: -2/35      AC: 12    Str: 13    XL:     6   Next: 18%
Magic:  10/10      EV:  5    Int: 14    God:
Gold:   162        SH:  0    Dex: 19    Spells: 9/9 levels left

rFire   . . .      SeeInvis .   c - +0 war axe
rCold   . . .      Faith    .   (no shield)
rNeg    . . .      Spirit   .   i - +0 plate armour
rPois   .          Reflect  .   (helmet restricted)
rElec   .          Harm     .   (no cloak)
rCorr   .          Rampage  .   l - +0 pair of gloves
Will    .....                   (boots unavailable)
Stlth   ..........              (no amulet)
HPRegen 0.11/turn               b - +6 ring of dexterity
MPRegen 0.12/turn               (no ring)

@: flying quickly and evasively, quick
A: beak, talons 3, nimble flight
a: no special abilities


You were on level 4 of the Dungeon.
You visited 1 branch of the dungeon, and saw 4 of its levels.

You collected 162 gold pieces.


Innate Abilities, Weirdness & Mutations

You have a beak for a mouth.
You have claws for feet.
Your magical nature lets you fly swiftly and evasively.


   Skills:
 - Level 2.0 Fighting
 + Level 6.0 Axes
 - Level 1.0 Throwing
 - Level 3.3 Armour
 - Level 2.1 Dodging
 - Level 2.0 Spellcasting
 - Level 2.4 Translocations


You had 9 spell levels left.
You didn't know any spells.
Your spell library contained the following spells:

 Spells                   Type           Power      Damage    Failure   Level
 Blink                    Tloc           16%        N/A       100%        2
 Gell's Gravitas          Tloc           8%         N/A       100%        3
 Lesser Beckoning         Tloc           8%         N/A       100%        3
 Teleport Other           Tloc           8%         N/A       100%        3
 Manifold Assault         Tloc           8%         N/A       100%        5

Inventory:

Hand Weapons
 c - a +0 war axe (weapon)
 f - a +1 mace of protection
Missiles
 a - 4 boomerangs
 g - 6 javelins (quivered)
Armour
 i - a +0 plate armour (worn)
 l - a +0 pair of gloves (worn)
Jewellery
 b - a +6 ring of dexterity (left hand)
Scrolls
 h - a scroll of identify
Potions
 d - a potion of mutation
 j - a potion of curing
 k - a potion of cancellation
 m - a potion of might

Dungeon Overview and Level Annotations

Branches:
Dungeon (4/15)
 Temple: D:4-7

Altars:
Hepliaklqana
Kikubaaqudgha
Makhleb
The Shining One

Shops:
D:4 *

Annotations:
D:4 Sigmund


Message History

The orc priest barely misses you. Something hits you but does no damage.
Things that are here:
a +0 ring mail; a +0 whip You hit the orc priest but do no damage.
The orc priest hits you but does no damage.
You closely miss the orc priest. Your kick misses the orc priest.
Your peck misses the orc priest. Something hits you.
The orc priest hits you but does no damage.
You slash the orc priest!
You claw the orc priest, but do no damage.
You peck the orc priest.
The orc priest is severely wounded.
The orc priest hits you but does no damage.
Something hits you but does no damage.
The orc priest hits you but does no damage.
You hit the orc priest but do no damage.
Your kick misses the orc priest.
The orc priest is severely wounded.
The orc priest hits you but does no damage.
Something hits you but does no damage.
You slash the orc priest!
You kill the orc priest!
Something hits you but does no damage.
Your Armour skill increases to level 3!
You swing at nothing.
You swing at nothing.
Something hits you.
You swing at nothing.
Something hits you.
You swing at nothing.
Something hits you but does no damage.
You swing at nothing.
Something hits you.
You swing at nothing.
You swing at nothing.
Something hits you but does no damage.
You swing at nothing.
Something hits you.
You die...

## ### ..##
#......##
###.#.....#
#..\.......
#.#.#......
#...{......
#..%......
#<@)......
#..)......
#.....?....
#..........
...........
............
#............
##.......?...


There were no monsters in sight!

Vanquished Creatures
  A black bear (D:3)
  An orc priest (D:4)
  7 adders
  9 orcs
  5 ball pythons
  7 bats
  3 endoplasms
  4 giant cockroaches
  7 goblins
  4 hobgoblins
  4 jackals
  3 quokkas
  8 kobolds
  A rat (D:1)
64 creatures vanquished.

Notes
Turn   | Place    | Note
-------+----------+-------------------------------------------
     0 | D:1      | qw the Tengu Warper began the quest for the Orb.
     0 | D:1      | Reached XP level 1. HP: 12/12 MP: 4/4
     0 | D:1      | 0 ||| qw: Version: 0.1-a-89-g26bdef1
     0 | D:1      | 0 ||| qw: Game counter: 562
     0 | D:1      | 0 ||| qw: Always use a shield: true
     0 | D:1      | 0 ||| qw: God list: Okawaru
     0 | D:1      | 0 ||| qw: Allow faded altars: false
     0 | D:1      | 0 ||| qw: Do Orc after D:15 true
     0 | D:1      | 0 ||| qw: Do second Lair branch before Depths: true
     0 | D:1      | 0 ||| qw: Lair rune preference: random
     0 | D:1      | 0 ||| qw: Plans: Normal
     0 | D:1      | 0 ||| PLANNING D:1-11
    97 | D:1      | Reached XP level 2. HP: 17/17 MP: 6/6
   112 | D:1      | 112 ||| Stepping ~*~*~tactically~*~*~ (stealth).
   115 | D:1      | Reached skill level 3 in Axes
   120 | D:1      | 120 ||| Stepping ~*~*~tactically~*~*~ (stealth).
   217 | D:1      | 217 ||| Stepping ~*~*~tactically~*~*~ (stealth).
   219 | D:1      | 219 ||| Stepping ~*~*~tactically~*~*~ (stealth).
   220 | D:1      | 220 ||| Stepping ~*~*~tactically~*~*~ (stealth).
   221 | D:1      | 221 ||| Stepping ~*~*~tactically~*~*~ (stealth).
   226 | D:1      | 226 ||| Stepping ~*~*~tactically~*~*~ (stealth).
   324 | D:1      | 324 ||| Stepping ~*~*~tactically~*~*~ (stealth).
   393 | D:1      | 393 ||| Stepping ~*~*~tactically~*~*~ (hiding).
   748 | D:1      | Reached XP level 3. HP: 20/21 MP: 7/7
   831 | D:1      | Found a faded altar of an unknown god.
  1014 | D:1      | 1014 ||| UPGRADING to +0 plate armour.
  1024 | D:1      | 1024 ||| DROPPING +0 leather armour.
  1025 | D:1      | 1025 ||| READING scroll labelled UPHUIPNIEBB.
  1026 | D:1      | 1026 ||| READING 2 scrolls labelled LYABLA JAEJAPH.
  1027 | D:1      | 1027 ||| READING scroll labelled KEIRAELUVA.
  1028 | D:1      | 1028 ||| DROPPING scroll of blinking.
  1154 | D:2      | Reached skill level 4 in Axes
  1225 | D:2      | 1225 ||| Stepping ~*~*~tactically~*~*~ (stealth).
  1226 | D:2      | 1226 ||| Stepping ~*~*~tactically~*~*~ (stealth).
  1396 | D:2      | 1396 ||| Stepping ~*~*~tactically~*~*~ (stealth).
  1401 | D:2      | Reached XP level 4. HP: 26/26 MP: 8/8
  1405 | D:2      | 1405 ||| Stepping ~*~*~tactically~*~*~ (stealth).
  1950 | D:2      | 1950 ||| DROPPING +0 club.
  2119 | D:2      | 2119 ||| DROPPING +0 whip.
  2190 | D:2      | Identified the +5 dagger of Instant Death {flame, Will+}
  2349 | D:2      | 2349 ||| UPGRADING to +0 pair of gloves.
  2354 | D:2      | 2354 ||| UPGRADING to +6 ring of dexterity.
  2355 | D:2      | 2355 ||| READING scroll labelled TURUNU OTAMO.
  2356 | D:2      | 2356 ||| DRINKING 2 viscous orange potions.
  2380 | D:2      | 2380 ||| DRINKING 2 clear potions.
  2485 | D:2      | 2485 ||| READING 7 scrolls of identify.
  2485 | D:2      | 2485 ||| IDENTIFYING smoky blue potion
  2486 | D:2      | 2486 ||| READING 6 scrolls of identify.
  2486 | D:2      | 2486 ||| IDENTIFYING metallic pink potion
  2487 | D:2      | 2487 ||| READING 5 scrolls of identify.
  2487 | D:2      | 2487 ||| IDENTIFYING bubbling orange potion
  2488 | D:2      | 2488 ||| READING 4 scrolls of identify.
  2488 | D:2      | 2488 ||| IDENTIFYING dark potion
  2489 | D:2      | 2489 ||| READING 3 scrolls of identify.
  2489 | D:2      | 2489 ||| IDENTIFYING amethyst potion
  2490 | D:2      | 2490 ||| DROPPING potion of degeneration.
  2491 | D:2      | 2491 ||| DROPPING potion of flight.
  2492 | D:2      | 2492 ||| DROPPING potion of lignification.
  2493 | D:2      | 2493 ||| DROPPING potion of berserk rage.
  2533 | D:3      | 2533 ||| STAIRDANCE
  2744 | D:3      | Reached skill level 5 in Axes
  2762 | D:3      | Noticed a black bear
  2769 | D:3      | Killed a black bear
  2770 | D:3      | Reached skill level 6 in Axes
  2770 | D:3      | Gained mutation: Your magical nature lets you fly swiftly
                  | and evasively. [Tengu growth]
  2770 | D:3      | Reached XP level 5. HP: 25/30 MP: 9/9
  2841 | D:3      | 2841 ||| READING scroll of enchant weapon.
  2841 | D:3      | 2841 ||| ENCHANTING +1 hand axe.
  3094 | D:3      | Found an ancient bone altar of Kikubaaqudgha.
  3094 | D:3      | Found a glowing golden altar of the Shining One.
  3104 | D:3      | Found a faded altar of an unknown god.
  3106 | D:3      | Found a burning altar of Makhleb.
  3108 | D:3      | Found a hazy altar of Hepliaklqana.
  3230 | D:3      | 3230 ||| DROPPING +0 whip of venom.
  3231 | D:3      | 3231 ||| READING scroll labelled ZOGOGRONAXA.
  3236 | D:3      | 3236 ||| READING scroll labelled KONELI QOKHLOPS.
  3237 | D:3      | 3237 ||| READING 3 scrolls of identify.
  3237 | D:3      | 3237 ||| IDENTIFYING puce potion
  3238 | D:3      | 3238 ||| READING 2 scrolls of identify.
  3238 | D:3      | 3238 ||| IDENTIFYING murky grey potion
  3239 | D:3      | 3239 ||| DROPPING potion of ambrosia.
  3250 | D:4      | Noticed Sigmund
  3250 | D:4      | Found Zeosax's Assorted Antiques.
  3251 | D:4      | 3251 ||| PLANNING OSSUARY
  3251 | D:4      | 3251 ||| Stepping ~*~*~tactically~*~*~ (hiding).
  3262 | D:4      | 3262 ||| FLEEEEING.
  3263 | D:4      | 3263 ||| STAIRDANCE
  3383 | D:4      | 3383 ||| STAIRDANCE
  3388 | D:3      | Reached XP level 6. HP: 21/35 MP: 10/10
  3512 | D:4      | 3512 ||| STAIRDANCE
  3608 | D:3      | 3608 ||| SWAPPING to +0 war axe.
  3609 | D:3      | 3609 ||| DROPPING +2 hand axe.
  3622 | D:4      | Reached skill level 3 in Armour
  3624 | D:4      | HP: 7/35 [something (2)]
  3626 | D:4      | HP: 3/35 [something (4)]
  3629 | D:4      | Slain by Sigmund

Levels and vault maps discovered:
D:1:      mrwooster_arrival_statue, layout_loops_ring,
          chequers_ecumenical_altar_simple_redux
D:2:      layout_basic, serial_aquarium, aquarium_bridge_square
          [aquarium_subvault_bridge, aquarium_subvault_wall,
          aquarium_subvault_window, aquarium_subvault_bridge],
          aquarium_bridge_square [aquarium_subvault_bridge,
          aquarium_subvault_wall, aquarium_subvault_window,
          aquarium_subvault_window], aquarium_window_1, aquarium_window_1,
          aquarium_window_2, aquarium_window_corner, aquarium_view_2e,
          aquarium_view_2d
D:3:      layout_basic, chequers_temple_overflow_minitemple
D:4:      layout_cave_pods, kennysheep_little_box, zin_purify,
          chequers_ossuary_entry_cave, serial_shops,
          nicolae_shop_bloodbath_and_beyond, shop, kennysheep_mini_moat,
          nicolae_shop_crystal, nrook_mini_backslash, uniq_pikel, uniq_sigmund

Skill      XL: |  1  2  3  4  5  6 |
---------------+-------------------+-----
Axes           | 3 4 6 |  6.0
Armour         | 2 3 |  3.3
Fighting       | |  2.0
Throwing       | |  1.0
Dodging        | |  2.1
Spellcasting   | |  2.0
Translocations | |  2.4

Action                   |  1- 3 |  4- 6 || total
-------------------------+-------+-------++-------
Melee: Hand axe          |    80 |    71 ||   151
       Kick              |    10 |    17 ||    27
       Peck              |     5 |    11 ||    16
       Punch             |     1 |       ||     1
       War axe           |       |     7 ||     7
Throw: Boomerang         |     7 |       ||     7
       Javelin           |       |     2 ||     2
  Use: Scroll            |     3 |    11 ||    14
       Potion            |       |     2 ||     2
Armor: Leather armour    |    12 |       ||    12
       Plate armour      |    36 |    89 ||   125
Dodge: Dodged            |    32 |    16 ||    48

Table legend:
 A = Non-vault XP
 B = Vault XP
 C = Vault XP percentage of total XP
 D = Non-vault monster count
 E = Vault monster count
 F = Vault count percentage of total count
                 A         B        C        D         E       F
            +---------+---------+-------+---------+---------+-------
      Total |     374 |       0 |   0.0 |      64 |       0 |   0.0
            +---------+---------+-------+---------+---------+-------
        D:1 |      40 |       0 |   0.0 |      23 |       0 |   0.0
        D:2 |      88 |       0 |   0.0 |      17 |       0 |   0.0
        D:3 |     186 |       0 |   0.0 |      20 |       0 |   0.0
        D:4 |      60 |       0 |   0.0 |       4 |       0 |   0.0
            +---------+---------+-------+---------+---------+-------
